AoeStats
← BottleDry

African Clearing

506270546Analyzed
4v4 RM · 20d ago on Sep 13, 2026· 48m 34s· 8 players
Game mode
Random Map
Map size
Large (8 player)
Population
200
Speed
Normal
Resources
Standard
Victory
Conquest
Starting age
Dark Age
Ending age
Imperial Age
RankedLock teamsTeams togetherTeam positionsShared explorationLock speedFull tech treeHidden civsTurbo modeCheats
Victory
Defeat
🇲🇽 Britons · Mexico
900
+13
🇺🇸 Bengalis · United States
897
+13
🇨🇦 Vikings · Canada
894
+13
🇨🇳 Franks · China
721
+20
🇨🇦 Burmese · Canada
887
-17
🇬🇧 Britons · United Kingdom
860
-16
🇧🇷 Franks · Brazil
815
-14
🇬🇧 Sicilians · United Kingdom
756
-12
Jack
5:50 Loom
15:50 Feudal Age
16:26 Double-Bit Axe
24:11 Forging
24:01 Scale Mail Armor
27:08 Castle Age
26:12 Gold Mining
26:31 Horse Collar
31:30 Town Watch
33:09 Stone Mining
33:55 Gold Shaft Mining
34:44 Iron Casting
36:26 Wheelbarrow
36:05 Heavy Plow
36:49 Chain Mail Armor
37:40 Hand Cart
40:05 Bloodlines
39:58 Husbandry
40:16 Murder Holes
41:02 Scale Barding Armor
43:30 Chain Barding Armor
46:20 Imperial Age
44:04 Squires
43:26 Pikeman
44:04 Gambesons
44:05 Arson
47:34 Conscription
DAMBRO
12:40 Loom
16:16 Feudal Age
20:53 Castle Age
32:02 Elite Skirmisher
37:01 Husbandry
37:12 Bloodlines
38:53 Manipur Cavalry
41:42 Squires
41:02 Pikeman
44:50 Imperial Age
42:50 Fletching
43:13 Forging
43:12 Scale Barding Armor
43:43 Light Cavalry
45:14 Halberdier
legnA
18:15 Feudal Age
19:16 Double-Bit Axe
19:12 Horse Collar
20:18 Fletching
21:58 Padded Archer Armor
21:54 Gold Mining
23:10 Loom
24:00 Wheelbarrow
30:39 Castle Age
31:32 Crossbowman
32:10 Bodkin Arrow
32:31 Leather Archer Armor
36:51 Bow Saw
38:28 Ballistics
[MCC] Bacteria-Am
4:51 Loom
17:56 Feudal Age
BottleDry
3:14 Loom
14:36 Feudal Age
16:42 Horse Collar
18:28 Bloodlines
20:55 Double-Bit Axe
24:35 Castle Age
24:58 Stone Mining
26:17 Heavy Plow
26:23 Husbandry
27:03 Bow Saw
27:15 Scale Barding Armor
29:31 Forging
31:46 Chain Barding Armor
33:45 Wheelbarrow
34:01 Fletching
34:11 Padded Archer Armor
35:48 Hand Cart
35:45 Town Watch
35:56 Gold Mining
35:53 Elite Skirmisher
36:30 Bodkin Arrow
36:50 Leather Archer Armor
36:56 Fortified Wall
41:30 Imperial Age
40:07 Devotion
40:34 Paiks
41:12 Ballistics
40:48 Murder Holes
42:10 Iron Casting
42:03 Heavy Plow
42:13 Bracer
42:44 Ring Archer Armor
42:40 Town Patrol
44:37 Blast Furnace
44:22 Elite Battle Elephant
47:14 Plate Barding Armor
46:47 Arson
47:03 Squires
VicRoldanG
3:53 Loom
15:31 Feudal Age
16:59 Wheelbarrow
16:13 Double-Bit Axe
16:24 Gold Mining
17:06 Horse Collar
17:24 Town Watch
19:35 Fletching
20:18 Padded Archer Armor
24:02 Castle Age
23:41 Scale Mail Armor
23:55 Forging
24:19 Crossbowman
25:47 Gold Shaft Mining
25:28 Bow Saw
28:11 Bodkin Arrow
29:49 Heavy Plow
31:15 Stone Mining
34:24 Husbandry
36:10 Hand Cart
36:38 Town Patrol
37:17 Elite Skirmisher
37:41 Light Cavalry
40:24 Scale Barding Armor
41:01 Leather Archer Armor
48:16 Chain Barding Armor
TheCreepy
17:07 Feudal Age
17:13 Man-at-Arms
24:53 Castle Age
23:18 Stone Mining
23:15 Horse Collar
23:42 Double-Bit Axe
27:40 Elite Skirmisher
36:51 Imperial Age
34:51 Heavy Plow
37:13 Elite Berserk
37:59 Chieftains
40:16 Scale Mail Armor
44:28 Fletching
44:54 Chain Mail Armor
49:19 Plate Mail Armor
狩猎
14:40 Feudal Age
16:30 Man-at-Arms
16:56 Arson
21:48 Double-Bit Axe
25:54 Castle Age
25:02 Stone Mining
25:03 Gold Mining
30:18 Bow Saw
30:50 Gold Shaft Mining
33:02 Husbandry
38:33 Imperial Age
37:25 Wheelbarrow
36:36 Town Watch
39:46 Hand Cart
39:32 Town Patrol
39:49 Scale Barding Armor
39:44 Scale Mail Armor
39:54 Forging
39:58 Cavalier
41:24 Paladin
42:29 Chain Barding Armor
42:24 Chain Mail Armor
42:44 Iron Casting
43:54 Plate Barding Armor
44:55 Plate Mail Armor
46:52 Blast Furnace
Connection lost

Rejoining the realm…

Still unreachable

The connection could not be restored.

Session expired

The server has moved on; the page needs a fresh start.